Map: Ruins of Seras

Players

Gaun - Winner!

  • Race: Protoss Protoss
  • League: Grandmaster

wabbajack

  • Race: Terran Terran
  • League: Grandmaster

VOD

Have the link to the VOD?

Description

Time

  • Played on: July 14, 2015, 5 p.m.
  • Length: 10:42
Show
View Real Time Build Order
Export as new Build Order

Gaun Protoss - Winner!

Build Orders:  

Get SALT Encoding   

  12  0:09  Pylon  
  12  0:15  Probe  
  13  0:27  Probe (Chrono Boost)  
  14  0:37  Gateway  
  14  0:39  Probe (Chrono Boost)  
  15  0:45  Probe (Chrono Boost)  
  15  0:48  Assimilator  
  16  0:55  Assimilator  
  16  0:56  Probe  
  17  1:08  Probe (Chrono Boost)  
  18  1:20  Probe (Chrono Boost)  
  19  1:26  Cybernetics Core  
  19  1:28  Probe (Chrono Boost)  
  20  1:40  Probe  
  21  1:53  Probe  
  22  2:02  Nexus  
  22  2:07  Warp Gate (Chrono Boost)  
  22  2:16  Pylon  
  22  2:34  Gateway  
  22  2:36  Mothership Core (Chrono Boost)  
  24  2:43  Stalker  
  25  2:55  Probe  
  26  3:06  Robotics Facility  
  26  3:10  Probe (Chrono Boost)  
  27  3:15  Probe (Chrono Boost)  
  28  3:24  Probe (Chrono Boost)  
  28  3:25  Sentry, Probe (Chrono Boost)  
  28  3:26  Sentry  
  34  3:33  Probe x2  
  36  3:40  Pylon  
  36  3:47  Probe  
  36  3:48  Probe  
  38  3:56  Gateway, Observer (Chrono Boost)  
  39  4:05  Pylon  
  39  4:10  Observer (Chrono Boost)  
  40  4:17  Stalker  
  40  4:18  Robotics Bay  
  42  4:26  Stalker  
  42  4:28  Probe x2 (Chrono Boost)  
  48  4:38  Probe x2 (Chrono Boost)  
  48  4:59  Twilight Council  
  48  5:03  Pylon  
  48  5:06  Probe (Chrono Boost)  
  49  5:08  Probe (Chrono Boost)  
  49  5:09  Forge  
  49  5:12  Forge  
  51  5:16  Probe (Chrono Boost)  
  51  5:17  Gateway, Probe (Chrono Boost)  
  51  5:20  Assimilator  
  52  5:23  Probe  
  52  5:24  Assimilator  
  52  5:27  Pylon  
  52  5:28  Probe  
  54  5:37  Probe  
  54  5:40  Probe  
  60  5:45  Zealot x2  
  60  5:47  Disruptor (Chrono Boost)  
  60  5:49  Probe  
  65  5:52  Probe  
  66  6:01  Probe  
  67  6:04  Probe  
  68  6:16  Protoss Ground Weapons Level 1 (Chrono Boost)  
  68  6:18  Protoss Ground Armor Level 1 (Chrono Boost)  
  68  6:23  Nexus  
  68  6:25  Pylon  
  68  6:32  Blink (Chrono Boost)  
  68  6:35  Pylon  
  68  6:40  Pylon  
  68  6:45  Pylon  
  68  6:51  Probe (Chrono Boost)  
  68  6:52  Pylon x2  
  69  6:58  Immortal (Chrono Boost)  
  74  7:01  Probe (Chrono Boost)  
  74  7:05  Stalker x2  
  74  7:07  Sentry  
  80  7:08  Probe  
  81  7:17  Zealot  
  81  7:18  Extended Thermal Lance  
  81  7:20  Probe  
  84  7:29  Colossus (Chrono Boost)  
  90  7:40  Pylon  
  90  7:44  Gateway  
  90  7:47  Probe (Chrono Boost)  
  93  7:52  Probe x2 (Chrono Boost)  
  93  7:56  Probe (Chrono Boost)  
  94  7:59  Photon Cannon  
  94  8:00  Probe x2 (Chrono Boost)  
  94  8:04  Probe  
  97  8:06  Protoss Ground Weapons Level 2 (Chrono Boost)  
  97  8:08  Protoss Ground Armor Level 2 (Chrono Boost)  
  97  8:10  Probe  
  97  8:11  Probe  
  99  8:15  Assimilator  
  99  8:16  Probe  
  99  8:19  Assimilator  
  100  8:20  Colossus (Chrono Boost)  
  100  8:22  Probe  
  100  8:23  Probe  
  108  8:28  Probe, Charge  
  109  8:35  Gateway  
  109  8:37  Gateway  
  109  8:47  Probe (Chrono Boost)  
  113  8:56  Probe x3 (Chrono Boost)  
  113  9:03  Nexus  
  113  9:04  Probe, Pylon  
  113  9:09  Pylon  
  114  9:16  Probe  
  119  9:17  Robotics Facility  
  119  9:18  Disruptor (Chrono Boost)  
  119  9:19  Pylon  
  119  9:25  Disruptor x2  
  119  9:28  Probe, Photon Cannon  
  120  9:37  Stalker x5  
  127  9:49  Immortal (Chrono Boost)  
  127  9:50  Zealot x2  
  115  10:16  Stalker x3  
  115  10:17  Stalker x4  
  127  10:42  Stalker  
Show
View Real Time Build Order
Export as new Build Order

wabbajack Terran 

Build Orders: Liberator Opening 

Get SALT Encoding   

  12  0:00  SCV  
  13  0:13  SCV  
  14  0:21  Supply Depot  
  14  0:25  SCV  
  15  0:30  Refinery  
  15  0:44  Barracks  
  15  0:45  SCV  
  16  0:58  SCV  
  17  1:12  SCV  
  18  1:24  SCV  
  19  1:34  Reaper  
  19  1:39  Supply Depot  
  20  1:45  Orbital Command  
  20  1:51  Factory  
  20  2:00  Refinery  
  20  2:07  Reaper  
  21  2:17  SCV  
  22  2:25  Supply Depot  
  22  2:29  SCV  
  23  2:40  Starport  
  23  2:41  SCV  
  23  3:05  SCV  
  24  3:09  Factory Tech Lab  
  24  3:10  Starport  
  24  3:16  Barracks Reactor  
  24  3:17  SCV  
  24  3:19  Command Center  
  25  3:29  SCV  
  26  3:38  Widow Mine  
  28  3:41  SCV  
  28  3:43  Liberator  
  29  3:50  Armory  
  32  4:03  Marine  
  32  4:04  Marine  
  32  4:05  SCV  
  32  4:08  Hellion  
  37  4:10  Supply Depot  
  37  4:24  Starport Reactor  
  37  4:30  Factory Tech Lab  
  37  4:39  SCV  
  38  4:52  Marine x2  
  40  4:55  Orbital Command  
  40  5:04  Supply Depot  
  40  5:08  SCV  
  41  5:16  Refinery  
  41  5:17  Refinery  
  41  5:20  SCV x2  
  43  5:29  Raven  
  43  5:32  SCV x2  
  43  5:33  Marine x2  
  49  5:41  Barracks  
  49  5:44  SCV  
  49  5:45  SCV  
  49  5:46  Liberator  
  49  5:49  Liberator  
  51  5:56  SCV  
  53  5:57  SCV  
  53  6:01  Supply Depot  
  53  6:02  Supply Depot  
  53  6:03  Liberator  
  56  6:08  SCV  
  56  6:09  SCV  
  61  6:12  Hellbat  
  61  6:16  Unknown  
  63  6:20  SCV  
  63  6:21  SCV  
  68  6:31  Barracks Tech Lab  
  69  6:32  SCV  
  69  6:33  SCV, Barracks  
  69  6:39  Engineering Bay  
  70  6:44  Barracks  
  70  6:45  SCV x2, Liberator x2  
  70  6:46  Liberator  
  72  6:54  Supply Depot x2  
  72  6:57  SCV  
  73  7:05  Marine  
  73  7:06  Marine  
  73  7:08  Marine  
  85  7:13  Combat Shields  
  85  7:18  Supply Depot  
  85  7:21  Supply Depot  
  85  7:30  Siege Tank  
  85  7:33  Barracks Tech Lab  
  85  7:35  Command Center  
  85  7:36  Barracks Reactor  
  88  7:41  Marine x2  
  88  7:43  Marine  
  91  7:45  Terran Infantry Weapons Level 1  
  91  7:50  Terran Ship Armor Level 1  
  91  7:59  Marine x2  
  91  8:01  Marine  
  91  8:04  Missile Turret  
  94  8:07  Missile Turret  
  94  8:08  Liberator x2  
  94  8:15  Supply Depot x2  
  94  8:22  Supply Depot  
  94  8:24  Refinery  
  94  8:25  Supply Depot, Refinery  
  100  8:30  Medivac  
  102  8:36  Marine x2, Hellbat  
  102  8:38  Marine x2  
  102  8:40  Marauder x2  
  112  8:49  Orbital Command  
  112  8:59  Concussive Shells  
  112  9:02  Siege Tank  
  115  9:04  Banshee  
  115  9:05  Marine x2  
  120  9:17  SCV x3  
  123  9:29  SCV x2  
Tags
 
Add a new tag
Caveats
  • Supply blocks, unpowered buildings, or Contaminate may cause inaccurate times.
  • Supply counts are checked every 10 seconds.